 Dungeon Crawl Stone Soup version 0.28-a0-1114-g8eb0198dcf (webtiles) character file.

Game seed: 1300371236768606952

53 Peloso the Covered (level 3, -1/33 HPs)
             Began as a Minotaur Fighter on Dec 11, 2021.
             Slain by Sigmund (8 damage)
             ... on level 2 of the Dungeon.
             The game lasted 00:01:23 (899 turns).

Peloso the Covered (Minotaur Fighter)                Turns: 899, Time: 00:01:24

Health: -1/33      AC:  7    Str: 20    XL:     3   Next: 64%
Magic:  2/2        EV:  9    Int:  5    God:
Gold:   69         SH:  4    Dex: 11    Spells: 2/2 levels left

rFire   . . .      SeeInvis .   a - +0 long sword
rCold   . . .      Faith    .   c - +0 buckler
rNeg    . . .      Spirit   .   b - +0 scale mail
rPois   .          Reflect  .   (helmet restricted)
rElec   .          Harm     .   (no cloak)
rCorr   .          Rampage  .   (no gloves)
Will    .....                   (no boots)
Stlth   ..........              (no amulet)
HPRegen 0.11/turn               (no ring)
MPRegen 0.08/turn               (no ring)

@: mighty
A: horns 2, retaliatory headbutt
a: no special abilities


You were on level 2 of the Dungeon.
You visited 1 branch of the dungeon, and saw 2 of its levels.

You collected 69 gold pieces.

Inventory:

Hand Weapons
 a - a +0 long sword (weapon)
Armour
 b - a +0 scale mail (worn)
 c - a +0 buckler (worn)
Scrolls
 e - 2 scrolls of amnesia {unknown}
 f - a scroll of immolation {unknown}
 g - a scroll of holy word {unknown}


   Skills:
 + Level 4.1 Fighting
 + Level 3.4 Long Blades
 + Level 4.4 Armour
 + Level 3.9 Shields


You had 2 spell levels left.
You didn't know any spells.
Your spell library was empty.

Dungeon Overview and Level Annotations

Branches:
Dungeon (2/15)

Altars:

Annotations:
D:2 Sigmund


Innate Abilities, Weirdness & Mutations

You have a pair of horns on your head.
You reflexively headbutt those who attack you in melee.


Message History

The dart slug barely misses you.
You hit the dart slug but do no damage. You headbutt the dart slug.
The dart slug is heavily wounded.
The dart slug bites you but does no damage.
You slash the dart slug!
You kill the dart slug!
You now have 69 gold pieces (gained 10).
A bat comes into view.
A bat is nearby!
A bat is nearby!
You block the bat's attack.
Sigmund the Dreaded comes into view.
He is wielding a +0 scythe.
Found 2 coppery potions and 25 sling bullets.
Sigmund shouts!
You block the bat's attack. The bat hits you but does no damage.
The bat misses you. You furiously retaliate!
You headbutt the bat. Sigmund gestures at you while chanting.
The puff of flame hits you!
You feel very mighty all of a sudden. You block the bat's attack.
Sigmund barely misses you. The bat hits you but does no damage.
You closely miss Sigmund. The bat hits you but does no damage.
Sigmund hits you but does no damage.
You hit Sigmund.
Sigmund is lightly wounded.
The bat hits you but does no damage.
Sigmund casts a spell.
Sigmund flickers and vanishes!
Deactivating autopickup; reactivate with Ctrl-A.
You closely miss something. The bat hits you but does no damage.
Something hits you.
You slash something! The bat hits you. Something hits you but does no damage.
You slash something! The bat hits you. Something hits you!
* * * LOW HITPOINT WARNING * * *
You barely miss something. The bat closely misses you. You furiously retaliate!
You headbutt the bat.
You kill the bat!
Something hits you!
You die...

##.....# #.#
.#.....# #.#
...##### #.#
#..# #.#
..## #.# ###
#.# .. #.#
... ###.####
. #!..@{.# #
#......# #.
#......# ..
#.......# #.
#........# #
..........#
##..(#######
###.


There were no monsters in sight!

Vanquished Creatures
  2 adders (D:2)
  A dart slug (D:2)
  2 endoplasms (D:1)
  4 giant cockroaches (D:1)
  3 goblins (D:1)
  3 hobgoblins
  A kobold (D:1)
  2 quokkas (D:1)
  A ball python (D:1)
  5 bats
  3 frilled lizards
  6 rats
33 creatures vanquished.

Notes
Turn   | Place    | Note
-------+----------+-------------------------------------------
     0 | D:1      | Peloso the Minotaur Fighter began the quest for the Orb.
     0 | D:1      | Reached XP level 1. HP: 19/19 MP: 0/0
   150 | D:1      | Found a faded altar of an unknown god.
   153 | D:1      | Reached XP level 2. HP: 27/27 MP: 1/1
   684 | D:2      | Reached XP level 3. HP: 33/33 MP: 2/2
   890 | D:2      | Noticed Sigmund
   899 | D:2      | Slain by Sigmund

Illustrated notes

Levels and vault maps discovered:
D:1:      minmay_arrival_split_and_join, layout_rooms,
          ebering_ecumenical_altar_webs, hex_large
D:2:      layout_rooms, nicolae_underground_beach, uniq_sigmund

Skill      XL: |  1  2 |
---------------+-------+-----
Fighting       | 4 |  4.1
Armour         | 4 |  4.4
Long Blades    | 3 |  3.4
Shields        | |  3.9

Action                   || total
-------------------------++-------
Melee: Long sword        ||    64
       Headbutt          ||     8
  Use: Potion            ||     1
Armor: Scale mail        ||    49
Dodge: Dodged            ||    29
Block: Buckler           ||    20

Table legend: (Time is in decaauts)
 A = Elapsed time spent in this place.
 B = Non-inter-level travel time spent in this place.
 C = Inter-level travel time spent in this place.
 D = Time resting spent in this place.
 E = Time spent auto-exploring this place.
 F = Levels seen in this place.
 G = Mean time per level.
                   A        B        C        D        E       F      G
               +--------+--------+--------+--------+--------+-----+--------+
         Total |    915 |    878 |     37 |      0 |    658 |   2 |  457.5 |
       Dungeon |    915 |    878 |     37 |      0 |    658 |   2 |  457.5 |
               +--------+--------+--------+--------+--------+-----+--------+

Top non-repeatable levels by time:
     D:1: 660 daAuts
     D:2: 255 daAuts
